 Dungeon Crawl Stone Soup version 0.28.0-53-g5a82cb258f (webtiles) character file.

Game seed: 2348640679272407728

635 Infinimo the Skirmisher (level 7, -8/74 HPs)
             Began as an Ogre Gladiator on May 26, 2022.
             Was a Follower of Okawaru.
             Mangled by a hornet (13 damage)
             ... on level 5 of the Dungeon.
             The game lasted 00:08:04 (8279 turns).

Infinimo the Skirmisher (Ogre Gladiator)            Turns: 8279, Time: 00:08:05

Health: -8/74      AC:  4    Str: 19    XL:     7   Next: 50%
Magic:  7/7        EV: 10    Int: 11    God:    Okawaru [*.....]
Gold:   292        SH:  0    Dex: 10    Spells: 6/6 levels left

rFire   . . .      SeeInvis .   a - +1 flail
rCold   . . .      Faith    .   (no shield)
rNeg    . . .      Spirit   .   b - +0 robe
rPois   .          Reflect  .   c - +1 hat
rElec   .          Harm     .   (no cloak)
rCorr   .          Rampage  .   (gloves unavailable)
Will    .....                   (boots unavailable)
Stlth   +.........              (no amulet)
HPRegen 0.22/turn               (no ring)
MPRegen 0.10/turn               (no ring)

@: lethally poisoned (-8 -> -15), about to teleport, slowed, very slow
A: large, unfitting armour, tough skin 1
a: Renounce Religion, Heroism


You were on level 5 of the Dungeon.
You worshipped Okawaru.
Okawaru was aware of your devotion.
You visited 1 branch of the dungeon, and saw 5 of its levels.

You collected 292 gold pieces.

Inventory:

Hand Weapons
 a - a +1 flail (weapon)
Missiles
 d - 3 throwing nets (quivered)
Armour
 b - a +0 robe (worn)
 c - a +1 hat (worn)
Jewellery
 k - a ring of flight
Wands
 g - a wand of iceblast (4)
Scrolls
 e - 2 scrolls of identify
 f - 2 scrolls of teleportation
 j - a scroll of noise {unknown}
Potions
 h - 3 potions of flight


   Skills:
 + Level 5.7 Fighting
 * Level 5.7 Maces & Flails
 - Level 2.0 Throwing
 + Level 4.4 Dodging


You had 6 spell levels left.
You didn't know any spells.
Your spell library was empty.

Dungeon Overview and Level Annotations

Branches:
Dungeon (5/15)             Temple (0/1) D:4

Altars:
Kikubaaqudgha
Okawaru
Ru
Sif Muna
Vehumet
Wu Jian
Zin

Shops:
D:5 (


Innate Abilities, Weirdness & Mutations

You are too large for most types of armour.
You have tough skin. (AC +1)


Message History

The hornet is lightly wounded.
The hornet stings you!
You are poisoned.
You feel yourself slow down.
The hornet stings you but does no damage.
You sock the hornet!
The hornet is moderately wounded.
You feel very sick. The hornet stings you!
You feel as though you will be slow longer.
The hornet stings you.
You are more poisoned.
You feel as though you will be slow longer.
The hornet stings you.
You are more poisoned.
You suddenly lose the ability to move!
You feel extremely sick. The hornet stings you!
You shrug off the repeated paralysis!
* * * LOW HITPOINT WARNING * * *
You feel very sick.
The hornet stings you but does no damage.
The hornet barely misses you.
You can move again.
As you read the scroll of teleportation, it crumbles to dust.
You feel strangely unstable.
* * * LOW HITPOINT WARNING * * *
You feel very sick.
The hornet stings you but does no damage.
The hornet completely misses you.
* * * LOW HITPOINT WARNING * * *
You feel very sick. The hornet stings you.
* * * LOW HITPOINT WARNING * * *
You feel as though you will be slow longer.
The hornet completely misses you.
Okay, then.
* * * LOW HITPOINT WARNING * * *
You feel very sick. The hornet stings you!
You die...

...................####...##.....
....................####.........
....<............................
.......##†#P.#####....P.....###..
.......#..#..#...#######..### ###
.......#..#..#.).'.†')(#.## #
.......####..#'###..#..#.#
.................#######.##
...............⌠@y........##
.........#'###.............## ##
......#'##...####..####..#..####.
......#..#...+ #..#..#..###.....
......#..#...# #..'..#..# ###.##
......###########..####..# ###
.........................#
...............<....######
.........#######......##### ####


You could see a hornet.

Vanquished Creatures
  A black bear (D:5)
  3 scorpions
  A hound (D:4)
  A centaur skeleton (D:5)
  An orc wizard (D:4)
  Terence (D:3)
  2 iguanas
  A killer bee zombie (D:5)
  A hound skeleton (D:4)
  4 gnolls
  3 adders
  An ufetubus (D:4)
  3 worms
  A dart slug (D:3)
  6 orcs
  7 ball pythons
  3 endoplasms
  A giant cockroach (D:1)
  7 hobgoblins
  4 jackals (D:1)
  5 quokkas
  7 bats
  2 frilled lizards
  10 goblins
  15 kobolds
  5 rats
96 creatures vanquished.

Vanquished Creatures (others)
  8 plants (D:5)
8 creatures vanquished.

Grand Total: 104 creatures vanquished

Notes
Turn   | Place    | Note
-------+----------+-------------------------------------------
     0 | D:1      | Infinimo the Ogre Gladiator began the quest for the Orb.
     0 | D:1      | Reached XP level 1. HP: 22/22 MP: 1/1
   263 | D:1      | Reached XP level 2. HP: 22/29 MP: 2/2
  1419 | D:1      | Reached XP level 3. HP: 34/37 MP: 3/3
  3185 | D:3      | Found an ancient bone altar of Kikubaaqudgha.
  3212 | D:3      | Reached XP level 4. HP: 40/45 MP: 4/4
  3287 | D:3      | Found a faded altar of an unknown god.
  3630 | D:3      | Found a shimmering blue altar of Sif Muna.
  3776 | D:3      | Noticed Terence
  3815 | D:3      | Killed Terence
  3816 | D:3      | Reached XP level 5. HP: 38/54 MP: 5/5
  4081 | D:3      | Found an iron altar of Okawaru.
  4794 | D:3      | Became a worshipper of Warmaster Okawaru
  4922 | D:4      | Found a staircase to the Ecumenical Temple.
  4946 | D:4      | Found a sacrificial altar of Ru.
  5334 | D:4      | Reached XP level 6. HP: 33/63 MP: 6/6
  5682 | D:4      | Found a radiant altar of Vehumet.
  6084 | D:5      | Entered Level 5 of the Dungeon
  6086 | D:5      | Noticed a black bear
  6177 | D:5      | Noticed a hornet
  6183 | D:4      | Reached skill level 5 in Fighting
  6183 | D:4      | Reached skill level 5 in Maces & Flails
  6363 | D:5      | Killed a black bear
  6363 | D:5      | Reached * piety under Okawaru
  6364 | D:5      | Reached XP level 7. HP: 51/72 MP: 7/7
  6468 | D:5      | Found a glowing silver altar of Zin.
  7109 | D:5      | Found an ornate altar of the Wu Jian Council.
  8056 | D:5      | Found Puczi Naps's Antique Weapon Boutique.
  8274 | D:5      | Paralysed by a hornet for 3 turns
  8279 | D:5      | Mangled by a hornet

Illustrated notes

Levels and vault maps discovered:
D:1:      saegor_arrival_under_anarchy, layout_basic
D:2:      layout_basic, serial_bayou_pond_b, minmay_cupped
D:3:      layout_basic, okawaru_altar_gauntlet_db,
          nicolae_sif_muna_little_library, mainiacjoe_overflow_paths,
          basic_ecumenical_altar, grunt_ministairs_6, minmay_bisected,
          uniq_terence
D:4:      layout_loops_ring, mainiacjoe_overflow_catwalk,
          nicolae_overflow_hidden_temple, minmay_temple_entry_arrows,
          nicolae_figureground_sparkle
D:5:      corexii_shack_village, layout_layer_cave, lemuel_tele_altar,
          amcnicky_altar_gilded, serial_shops, nicolae_shop_behind_doors,
          grunt_ministairs_9, serial_bayou_pond_e

Skill      XL: |  1  2  3  4  5  6 |
---------------+-------------------+-----
Fighting       | 3 4 5 |  5.7
Maces & Flails | 3 4 5 |  5.7
Dodging        | 3 4 |  4.4
Throwing       | |  2.0

Action                   |  1- 3 |  4- 6 |  7- 9 || total
-------------------------+-------+-------+-------++-------
Melee: Flail             |   154 |   128 |    63 ||   345
       Punch             |       |     1 |       ||     1
  Use: Scroll            |     3 |     3 |     3 ||     9
       Potion            |       |       |     3 ||     3
 Stab: Sleeping          |       |     1 |       ||     1
Armor: Robe              |    46 |    45 |    23 ||   114
Dodge: Dodged            |    86 |   100 |    61 ||   247
